 Dungeon Crawl Stone Soup version 0.30.0-10-gfe55d96785 (webtiles) character file.

Game seed: 9851589316517910879

252217 Jackthecabe the Imperceptible (level 18, -8/151 HPs)
             Began as a Vampire Conjurer on May 13, 2023.
             Was the Champion of Dithmenos.
             Mangled by an ironbound thunderhulk
             ... wielding a +1 dire flail of protection
              (18 damage)
             ... on level 2 of the Vaults on May 14, 2023.
             The game lasted 03:11:05 (47511 turns).

Jackthecabe the Imperceptible (Vampire Conjurer)   Turns: 47511, Time: 03:11:05

Health: -8/151     AC: 15    Str:  6    XL:     18   Next: 96%
Magic:  7/38       EV: 17    Int: 18    God:    Dithmenos [******]
Gold:   2280       SH: 11    Dex: 22    Spells: 8/21 levels left

rFire   + . .        a - +9 rapier (freeze)
rCold   + . .        s - +3 warlock's mirror {omnireflect}
rNeg    . . .        e - +1 leather armour {Will+}
rPois   .            V - +2 helmet "Xok Ridd" {Regen+}
rElec   .            L - +0 cloak of Qikhagoyz {Dex+3}
rCorr   +            A - +2 pair of gloves
SInv    +            p - +2 pair of boots
Will    ++++.        X - amulet of the Turtle {rF+ Will+ Regen+ Int-4} Stlth ********++
                     Q - ring "Judghuwu" {Will+ rCorr MP+9 Slay+4 Stlth+}
HPRegen 2.25/turn    C - ring of protection from cold
MPRegen 0.26/turn

%: reflection
@: healing quickly, wreathed by umbra, studying Invocations
A: alive, fangs 3, see invisible, vampiric 2
}: 2/15 runes: serpentine, barnacled
a: Exsanguinate, Renounce Religion, Shadow Step, Shadow Form


You were on level 2 of the Vaults.
You worshipped Dithmenos.
Dithmenos was exalted by your worship.
You visited 7 branches of the dungeon, and saw 33 of its levels.
You also visited: Gauntlet.

You collected 5198 gold pieces.
You spent 2918 gold pieces at shops.


Innate Abilities, Weirdness & Mutations

Your natural rate of healing is accelerated.
You have razor-sharp teeth.
You have supernaturally acute eyesight. (SInv)
You are afflicted with vampirism and can become a bat while bloodless.


   Skills:
 + Level 16.0 Fighting
 - Level 10.0 Short Blades
 + Level 6.1 Armour
 + Level 9.1 Dodging
 - Level 22.0 Stealth
 - Level 10.0 Shields
 - Level 2.0 Spellcasting
 - Level 3.0 Conjurations
 - Level 22.0 Hexes
 - Level 15.0 Invocations


You had 8 spell levels left.
You knew the following spells:

 Your Spells              Type           Power      Damage    Failure   Level
d - Dazzling Flash        Conj/Hex       92%        N/A       1%          3
e - Ensorcelled Hibernat  Hex/Ice        82%        N/A       1%          2
m - Magic Dart            Conj           48%        1d5       11%         1
X - Enfeeble              Hex            34%        N/A       3%          7

Your spell library contained the following spells:

 Spells                   Type           Power      Damage    Failure   Level
 Tukima's Dance           Hex            69%        N/A       0%          3
 Portal Projectile        Hex/Tloc       82%        N/A       1%          3
 Summon Guardian Golem    Hex/Summ       41%        N/A       1%          3
 Cause Fear               Hex            34%        N/A       1%          4
 Fulminant Prism          Conj/Hex       23%        3d12      2%          4
 Anguish                  Hex/Necr       20%        N/A       4%          4
 Silence                  Hex/Air        20%        N/A       12%         5
 Searing Ray              Conj           24%        2d5       17%         2
 Apportation              Tloc           2%         N/A       36%         1
 Necrotise                Necr           4%         1d4       36%         1
 Sting                    Tmut/Pois      4%         1d3       36%         1
 Summon Small Mammal      Summ           4%         N/A       36%         1
 Call Imp                 Summ           2%         N/A       50%         2
 Poisonous Vapours        Pois/Air       2%         N/A       50%         2
 Scorch                   Fire           2%         2d5       50%         2
 Sublimation of Blood     Necr           1%         N/A       50%         2
 Hailstorm                Conj/Ice       7%         3d4       52%         3
 Stone Arrow              Conj/Erth      14%        3d7       52%         3
 Mephitic Cloud           Conj/Pois/Air  5%         N/A       58%         3
 Spider Form              Tmut/Pois      1%         N/A       75%         3
 Vampiric Draining        Necr           1%         2d6       75%         3
 Flame Wave               Conj/Fire      7%         2d5       90%         4
 Iskenderun's Mystic Bla  Conj/Tloc      7%         2d4       90%         4
 Animate Armour           Summ/Erth      2%         N/A       98%         4
 Ice Form                 Ice/Tmut       1%         N/A       98%         4
 Petrify                  Tmut/Erth      1%         N/A       98%         4
 Summon Lightning Spire   Summ/Air       1%         N/A       98%         4
 Agony                    Necr           1%         N/A       100%        5
 Blade Hands              Tmut           0%         N/A       100%        5
 Freezing Cloud           Conj/Ice/Air   2%         6-21      100%        5
 Simulacrum               Ice/Necr       0%         N/A       100%        6
 Statue Form              Tmut/Erth      0%         N/A       100%        6
 Summon Cactus Giant      Summ           0%         N/A       100%        6
 Orb of Destruction       Conj           6%         9d6       100%        7
 Spellforged Servitor     Conj/Summ      3%         N/A       100%        7
 Storm Form               Tmut/Air       0%         N/A       100%        7
 Lehudib's Crystal Spear  Conj/Erth      3%         10d3      100%        8
 Maxwell's Capacitive Co  Air            0%         ∞         100%        8
 Borgnjor's Revivificati  Necr           Unusable   N/A       N/A         8

Inventory:

Hand Weapons
 a - a +9 rapier of freezing (weapon)
 b - a +6 spectral dagger
 v - the +10 scimitar of the Telling Gods {flame, rF+ Str+4 Int-3 Dex+2}
   (You took it off a merfolk aquamancer on level 4 of the Shoals)

   Str:       It affects your strength (+4).
   Int:       It affects your intelligence (-3).
   Dex:       It affects your dexterity (+2).
   rF:        It protects you from fire.
Missiles
 h - 7 throwing nets {=f}
 U - 26 javelins
Armour
 e - a +1 leather armour of willpower (worn)
 p - a +2 pair of boots (worn)
 s - the +3 warlock's mirror (worn) {omnireflect}
   (You found it on level 11 of the Dungeon)

   Omnireflect: It can block and reflect piercing ranged attacks and magical
   attacks against the wielder's willpower.
 A - a +2 pair of gloves (worn)
 L - the +0 cloak of Qikhagoyz (worn) {Dex+3}
   (You bought it in a shop on level 6 of the Dungeon)

   Dex:       It affects your dexterity (+3).
 V - the +2 helmet "Xok Ridd" (worn) {Regen+}
   (You found it in a Gauntlet)

   Regen:     It increases your rate of health regeneration.
Jewellery
 f - a ring of protection from fire
 C - a ring of protection from cold (right hand)
 D - a +6 ring of dexterity
 E - a +5 ring of evasion
 Q - the ring "Judghuwu" (left hand) {Will+ rCorr MP+9 Slay+4 Stlth+}
   (You found it in a Gauntlet)

   [ring of slaying]

   Slay:      It affects your accuracy & damage with ranged weapons and melee
   (+4).
   MP:        It affects your magic capacity (+9).
   rCorr:     It protects you from acid and corrosion.
   Will:      It increases your willpower.
   Stlth:     It makes you more stealthy.
 W - a ring of willpower
 X - the amulet of the Turtle (around neck) {rF+ Will+ Regen+ Int-4}
   (You found it on level 3 of the Lair of Beasts)

   [amulet of regeneration]

   Int:       It affects your intelligence (-4).
   rF:        It protects you from fire.
   Regen:     It increases your rate of health regeneration.
   Will:      It increases your willpower.
Wands
 g - a wand of paralysis (19)
 B - a wand of flame (27)
 G - a wand of digging (11)
 I - a wand of light (20)
 M - a wand of mindburst (16)
 N - a wand of polymorph (23)
 T - a wand of roots (17)
Scrolls
 d - 7 scrolls of poison
 j - 16 scrolls of teleportation {@r2}
 l - 4 scrolls of silence {!r}
 m - 4 scrolls of butterflies
 n - 5 scrolls of magic mapping
 o - 5 scrolls of fear
 x - 6 scrolls of fog
 z - 4 scrolls of blinking
 K - 5 scrolls of immolation
 P - 5 scrolls of vulnerability
Potions
 c - 5 potions of magic
 i - 11 potions of curing {@q1}
 k - 3 potions of resistance
 q - 6 potions of attraction
 r - 3 potions of heal wounds {@q2}
 w - a potion of cancellation
 y - 3 potions of lignification
 F - 7 potions of flight
 H - 7 potions of haste {@q3}
 J - 5 potions of ambrosia
 R - a potion of might
 Y - 3 potions of berserk rage {!q}
 Z - a potion of invisibility
Miscellaneous
 t - a phantom mirror
 u - a box of beasts
 O - a tin of tremorstones (2/2)
 S - a phial of floods

Dungeon Overview and Level Annotations

Branches:
Dungeon (15/15)            Temple (1/1) D:6            Lair (5/5) D:8
 Shoals (4/4) Lair:3        Snake (4/4) Lair:2        Slime (0/5) Lair:4
    Orc (2/2) D:11            Elf (0/3) Orc:2        Vaults (2/5) D:14
 Depths (0/4) D:15        Gauntlet (visited)
  Crypt: Vaults:2-3

Altars:
Ashenzari
Cheibriados
Dithmenos
Fedhas
Gozag
Hepliaklqana
Kikubaaqudgha
Makhleb
Nemelex Xobeh
Okawaru
Qazlal
Ru
Sif Muna
Trog
Uskayaw
Vehumet
Wu Jian
Xom
Yredelemnul
Jiyva
Lugonu

Shops:
D:3 :   D:5 [   D:6 [   D:9 *   Orc:2 [:*?   Snake:2 ::(   Snake:3 ?
Snake:4 :

Annotations:
Snake:2 2 transporters, sleeves's ghost, adept BaSu

▒▒▒ ▒▒▒▒
▒▒.▒▒▒▒▒▒▒
▒....▒...▒....▒
▒.pp..▒...▒
▒▒▒§▒▒▒▒..▒
▒▒T§§).▒▒▒.▒
▒@▒§O.▒.▒.▒▒
▒OT▒§▒..▒..▒▒
+§§§▒...+...▒
▒..▒.▒..▒..▒▒
▒.▒...▒.▒.▒▒
▒▒.....▒▒▒.▒
▒▒▒+▒▒▒▒).▒
▒.....▒...▒
....▒.<.▒....▒


You could see an ironbound thunderhulk (blind) and 2 deep trolls.


Message History

You skewer the ironbound preserver like a kebab!!!
You freeze the ironbound preserver!!
You kill the ironbound preserver!
Dithmenos accepts your kill.
You block the deep troll's attack. x2; The deep troll claws you.
* * * LOW HITPOINT WARNING * * *
The vault sentinel blows a loud note on a signal horn!
The ironbound thunderhulk hits you with a +1 dire flail of protection!!
* * * LOW HITPOINT WARNING * * *
You emit a cloud of dark smoke.
Casting: Ensorcelled Hibernation (safe; 1% risk of failure)
Confirm with . or Enter, or press ? or * to list all spells.
You don't know that spell.
You feel much better. You block the deep troll's attack. x3
The deep troll bites you!!
* * * LOW HITPOINT WARNING * * *
The deep troll claws you!
* * * LOW HITPOINT WARNING * * *
The deep troll claws you.
* * * LOW HITPOINT WARNING * * *
You closely miss the ironbound thunderhulk.
You block the deep troll's attack. The deep troll claws you!
* * * LOW HITPOINT WARNING * * *
You block the deep troll's attack. The deep troll bites you!
* * * LOW HITPOINT WARNING * * *
The deep troll claws you!
* * * LOW HITPOINT WARNING * * *
The deep troll claws you but does no damage.
The ironbound thunderhulk hits you with a +1 dire flail of protection!!
You die...

Skill      XL: |  1  2  3  4  5  6  7  8  9 10 11 12 13 14 15 16 17 18 |
---------------+-------------------------------------------------------+-----
Fighting       | 1 2 3 4 5 7 10 11 14 16 | 16.0
Stealth        | 4 5 6 7 9 12 16 17 18 19 20 21 22 | 22.0
Short Blades   | 1 2 3 5 6 8 10 | 10.0
Hexes          | 5 8 10 16 22 | 22.0
Invocations    | 5 7 10 12 15 | 15.0
Dodging        | 8 9 |  9.1
Conjurations   | 3 |  3.0
Armour         | 1 6 |  6.1
Shields        | 7 10 | 10.0
Spellcasting   | |  2.0

Action                     |  1- 3 |  4- 6 |  7- 9 | 10-12 | 13-15 | 16-18 || total
---------------------------+-------+-------+-------+-------+-------+-------++-------
  Melee: Dagger            |    55 |   167 |   422 |   686 |  1393 |  1176 ||  3899
         Bite              |     5 |    15 |    63 |    98 |   253 |   240 ||   674
         Punch             |       |     2 |     6 |    11 |    21 |     5 ||    45
         Rapier            |       |       |       |       |       |   315 ||   315
  Throw: Dart              |       |       |     9 |     1 |       |       ||    10
         Javelin           |       |       |       |     5 |     1 |       ||     6
   Cast: Magic Dart        |    53 |    35 |    31 |    11 |     2 |       ||   132
         Dazzling Flash    |       |       |       |     2 |   151 |   283 ||   436
         Ensorcelled Hiber |       |       |       |       |    21 |    31 ||    52
 Invoke: Shadow Step       |       |       |       |     4 |     1 |     1 ||     6
         Shadow Form       |       |       |       |       |     1 |     2 ||     3
Ability: Exsanguinate      |       |       |       |       |       |     1 ||     1
         Revivify          |       |       |       |       |       |     1 ||     1
         End Transformatio |       |       |       |       |       |     1 ||     1
  Evoke: Wand              |       |       |     2 |     6 |    12 |    29 ||    49
    Use: Scroll            |       |     6 |     5 |    14 |    10 |     9 ||    44
         Potion            |       |       |       |     7 |     2 |     9 ||    18
   Stab: Sleeping          |     3 |     9 |    42 |    26 |    77 |   101 ||   258
         Paralysed         |       |       |     2 |     1 |     2 |       ||     5
         Distracted        |       |       |     2 |    10 |    25 |    49 ||    86
         Invisible         |       |       |       |     1 |    85 |   134 ||   220
         Petrified         |       |       |       |       |     1 |       ||     1
 Armour: Leather armour    |    16 |    40 |    67 |    93 |   249 |   320 ||   785
         Skin              |       |       |       |    15 |       |       ||    15
  Dodge: Dodged            |    33 |   102 |   220 |   389 |  1245 |  1123 ||  3112
  Block: Kite shield       |       |       |       |       |       |   792 ||   792
         Reflection        |       |       |       |       |       |    19 ||    19
         Buckler           |       |       |       |       |       |    68 ||    68

Levels and vault maps discovered:
D:1:      pf_arrival_petrified_forest, layout_basic,
          hellmonk_ecumenical_altar_crossroads, hex_tiny,
          nicolae_figureground_sparkle
D:2:      cheibrodos_helix_gallery, layout_rooms, basic_altar,
          serial_park_tiny_1, minmay_liquid_box
D:3:      layout_basic, grunt_dithmenos_smoke, nicolae_shop_vocational,
          uniq_natasha
D:4:      layout_gridville, vehumet_altar_wand_db,
          nicolae_sif_muna_condensation, minitemple, minmay_goblin_outpost
D:5:      layout_rooms, kennysheep_mini_moat, mainiacjoe_overflow_catwalk,
          serial_shops, nicolae_shop_stone
D:6:      layout_cave_pools, minmay_temple_entry_offerings, serial_shops, shop
D:7:      layout_loops_corners, fedhas_altar_decomposition, st_stairs_4,
          nicolae_underground_beach
D:8:      layout_basic, lair_entry_dummy, special_room [special_room_orc],
          lightli_corner_chamber
D:9:      layout_irregular_city, chequers_temple_overflow_statue_of_worship,
          nicolae_elemental_shop, uniq_joseph
D:10:     layout_rooms, gammafunk_temple_overflow_arena,
          overflow_temple_1_default, hangedman_abyss_or_decor_lesser_grid,
          kennysheep_generic_room_5
D:11:     layout_irregular_city, erik_orc_4, gauntlet_entry_generic,
          serial_glass, glass_columns_c, glass_columns_c, laboratory
D:12:     minmay_spotlight, layout_cross
D:13:     kennysheep_kobold_lugonu_temple, layout_irregular_city, uniq_urug
D:14:     layout_irregular_city, erik_vaults_2, wad_floor_pattern_untrapped
D:15:     grunt_enter_depths_magical_seal, layout_loops_ring, nicolae_titane,
          minmay_fractal_squares_gapless_7
Temple:   nicolae_temple_bog_church
Lair:1:   layout_layer_cave, lemuel_oklob_altar, uniq_harold
Lair:2:   layout_big_grid, nicolae_snake_entry_squirm, grunt_megastairs_4,
          lemuel_fruit_fields, infiniplex_staircase_pool_2
Lair:3:   layout_cave_pods, elwin_shoals_entry_stream, basic_altar
Lair:4:   layout_cave_pods, slime_entry_1, nicolae_lair_grove_arrangements,
          nicolae_lair_lakeside_cave
Lair:5:   evilmike_catoblepas_cave, layout_loops_ring
Shoals:1: cheibrodos_shoals_roost, layout_shoals, uniq_mlioglotl
Shoals:2: layout_shoals, uniq_ilsuiw
Shoals:3: nicolae_shoals_offshore_bank_account, layout_shoals, uniq_polyphemus,
          uniq_kirke
Shoals:4: shoals_end_hellmonk_storm_palace [storm_palace_center_square,
          storm_palace_corner_narrow, storm_palace_corner_altar,
          storm_palace_corner_pillars, storm_palace_corner_reverse_hut]
Snake:1:  layout_cave_pods, hangedman_snake_corridor_split, grunt_megastairs_2,
          uniq_azrael, uniq_aizul
Snake:2:  layout_chambers, serial_shops, shop,
          gammafunk_ghost_berserking_beasts,
          nicolae_shop_i_like_small_books_too, nicolae_shop_firing_range,
          uniq_donald, uniq_vashnia
Snake:3:  layout_honeycomb, serial_shops, nicolae_shop_tiny_waterfront,
          basic_altar, st_stairs_3, nicolae_snake_snake_lake,
          serial_bayou_shore_a
Snake:4:  grunt_snake_rune_serpentine_throne, layout_layer_cave, serial_shops,
          shop
Orc:1:    cheibrodos_orc_guarddog, layout_caves, uniq_nergalle
Orc:2:    st_orc_pillars, layout_caves
Vaults:1: ontoclasm_vaults_ligature, nicolae_vaults_stepped_doors, v_misc_12,
          hangedman_vaults_cutoff, ontoclasm_vaults_hangar,
          ontoclasm_vaults_tryst, vaults_room_semicircle,
          vaults_room_grunt_arrival_ludios, nicolae_vaults_cochlea,
          nicolae_vaults_mitosis, v_misc_12, nicolae_vaults_security_offices_5,
          nicolae_vaults_rhombus_7, layout_vaults_omnicross
Vaults:2: hangedman_vaults_variations, hangedman_vaults_cutoff,
          vaults_dpeg_cross, ontoclasm_vaults_spin,
          nicolae_vaults_more_shelving_2, v_misc_24, vaults_standard_mumra_x,
          nicolae_vaults_double_plus_1, nicolae_vaults_triangles,
          ontoclasm_vaults_twist, nicolae_vaults_specimen_jars,
          grunt_vaults_focal, nicolae_vaults_trapezoid_3, v_alt_pattern_1,
          layout_vaults_maze_bifur

Notes
Turn   | Place    | Note
-------+----------+-------------------------------------------
     0 | D:1      | Jackthecabe the Vampire Conjurer began the quest for the
                  | Orb.
     0 | D:1      | Reached XP level 1. HP: 13/13 MP: 3/3
   379 | D:1      | Found a faded altar of an unknown god.
   381 | D:1      | Reached skill level 1 in Fighting
   381 | D:1      | Reached XP level 2. HP: 21/21 MP: 5/5
   563 | D:1      | Reached skill level 4 in Stealth
  1089 | D:1      | Gained mutation: You are afflicted with vampirism and can
                  | become a bat while bloodless. [Vampire growth]
  1089 | D:1      | Reached XP level 3. HP: 26/26 MP: 6/6
  1236 | D:2      | Reached skill level 2 in Fighting
  1247 | D:2      | Reached skill level 5 in Stealth
  1550 | D:2      | Reached XP level 4. HP: 33/33 MP: 7/7
  1861 | D:3      | Found Yklag's Vocational Training.
  2050 | D:3      | Found a shadowy altar of Dithmenos.
  2063 | D:3      | Became a worshipper of Dithmenos the Shadowed
  2145 | D:3      | Noticed Natasha
  2594 | D:3      | Killed Natasha
  2595 | D:3      | Reached skill level 1 in Short Blades
  2595 | D:3      | Reached skill level 6 in Stealth
  2595 | D:3      | Reached XP level 5. HP: 40/40 MP: 8/8
  2602 | D:3      | Noticed Natasha
  2614 | D:3      | Killed Natasha
  2615 | D:3      | Reached skill level 3 in Fighting
  2895 | D:4      | Found a shimmering blue altar of Sif Muna.
  3064 | D:4      | You fall into a shaft and drop 3 floors!
  3218 | D:8      | Reached skill level 2 in Short Blades
  3236 | D:7      | Reached XP level 6. HP: 17/47 MP: 9/9
  3346 | D:6      | Reached skill level 7 in Stealth
  3362 | D:6      | Found Lavvuro's Armour Emporium.
  3382 | D:6      | Reached * piety under Dithmenos
  3467 | D:6      | HP: 4/47 [ogre/+0 giant club (32)]
  3470 | D:6      | Reached skill level 3 in Short Blades
  3615 | D:5      | Entered Level 5 of the Dungeon
  3847 | D:4      | Reached skill level 4 in Fighting
  3951 | D:4      | Reached XP level 7. HP: 54/54 MP: 10/10
  4029 | D:4      | Found a bloodstained altar of Trog.
  4034 | D:4      | Found a sparkling altar of Nemelex Xobeh.
  4100 | D:4      | Found a radiant altar of Vehumet.
  4199 | D:4      | Reached skill level 8 in Stealth
  4344 | D:5      | Noticed a komodo dragon
  4355 | D:4      | Killed a komodo dragon
  4356 | D:4      | Reached skill level 4 in Short Blades
  4438 | D:4      | Reached skill level 9 in Stealth
  4616 | D:4      | Reached skill level 5 in Fighting
  4616 | D:4      | Reached skill level 5 in Short Blades
  4616 | D:4      | Reached XP level 8. HP: 46/62 MP: 5/11
  4825 | D:6      | Bought the +0 cloak of Qikhagoyz {Dex+3} for 195 gold
                  | pieces
  4933 | D:5      | Reached skill level 10 in Stealth
  5194 | D:5      | Found a broken altar of Ashenzari.
  5266 | D:5      | Reached ** piety under Dithmenos
  5285 | D:5      | Reached skill level 6 in Short Blades
  5289 | D:5      | Learned a level 3 spell: Dazzling Flash
  5386 | D:5      | Found a basalt altar of Yredelemnul.
  5397 | D:5      | Found Kilo's Antique Armour Boutique.
  5430 | D:5      | Reached skill level 2 in Hexes
  5524 | D:5      | Reached skill level 11 in Stealth
  5524 | D:5      | Reached skill level 3 in Hexes
  5787 | D:6      | Reached skill level 4 in Hexes
  5875 | D:6      | Found a staircase to the Ecumenical Temple.
  5889 | Temple   | Entered the Ecumenical Temple
  6214 | D:6      | Reached skill level 5 in Hexes
  6249 | D:6      | Reached skill level 12 in Stealth
  6355 | D:7      | Reached XP level 9. HP: 68/68 MP: 12/12
  6624 | D:7      | Reached skill level 6 in Hexes
  6737 | D:7      | Found a blossoming altar of Fedhas.
  7170 | D:7      | Reached skill level 13 in Stealth
  7170 | D:7      | Reached skill level 7 in Hexes
  7388 | D:8      | Reached *** piety under Dithmenos
  7647 | D:8      | Reached skill level 8 in Hexes
  7743 | D:8      | Found a staircase to the Lair.
  7807 | D:8      | Noticed a centaur warrior
  7808 | D:8      | Noticed a white ugly thing
  7902 | D:8      | Reached skill level 14 in Stealth
  8226 | D:8      | Reached **** piety under Dithmenos
  8464 | D:9      | Found Cimneic's Elemental Accessories.
  8478 | D:9      | Noticed Joseph
  8530 | D:9      | Reached skill level 15 in Stealth
  8661 | D:9      | Identified the +4 whip of Harph {heavy, *Slow Dex+5}
  8679 | D:9      | Reached skill level 16 in Stealth
  8713 | D:9      | Found an ornate altar of the Wu Jian Council.
  8715 | D:9      | Found a shimmering altar of Xom.
  9112 | D:10     | Entered Level 10 of the Dungeon
  9122 | D:10     | Noticed a two-headed ogre
  9123 | D:10     | Found a transporter.
  9127 | D:10     | Noticed a deep elf pyromancer
  9128 | D:10     | Found a transporter.
  9128 | D:10     | Noticed a purple ugly thing
  9146 | D:10     | Noticed a two-headed ogre
  9223 | D:10     | Noticed a troll
  9223 | D:10     | Found a burning altar of Makhleb.
  9225 | D:10     | Killed a troll
  9226 | D:10     | Reached XP level 10. HP: 74/74 MP: 13/13
  9619 | D:10     | Noticed a centaur warrior
  9625 | D:10     | Noticed a cyclops
  9659 | D:10     | Found an iron altar of Okawaru.
  9795 | D:10     | Reached skill level 17 in Stealth
 10037 | D:10     | Killed a two-headed ogre
 10038 | D:10     | Reached skill level 7 in Short Blades
 10093 | D:10     | Noticed a two-headed ogre
 10197 | D:10     | Killed a two-headed ogre
 10198 | D:10     | Reached skill level 6 in Fighting
 10455 | D:11     | Reached skill level 8 in Short Blades
 10524 | D:11     | Found a gate leading to a gauntlet.
 10549 | Gauntlet | Entered a Gauntlet
 10549 | Gauntlet | Found a large runed translucent door.
 10549 | Gauntlet | Found a large runed translucent door.
 10549 | Gauntlet | Found a large runed translucent door.
 10549 | Gauntlet | Found a large runed translucent door.
 10549 | Gauntlet | Found a large runed translucent door.
 10549 | Gauntlet | Found a large runed translucent door.
 10549 | Gauntlet | Found a runed translucent door.
 10549 | Gauntlet | Found a transporter.
 10549 | Gauntlet | Found a transporter.
 10549 | Gauntlet | Found a runed translucent door.
 10549 | Gauntlet | Found a large runed translucent door.
 10549 | Gauntlet | Found a large runed translucent door.
 10549 | Gauntlet | Found a large runed translucent door.
 10549 | Gauntlet | Found a large runed translucent door.
 10549 | Gauntlet | Found a large runed translucent door.
 10549 | Gauntlet | Found a large runed translucent door.
 10553 | Gauntlet | Found a transporter.
 10553 | Gauntlet | Found a transporter.
 10559 | Gauntlet | Noticed a large abomination
 10560 | Gauntlet | Noticed a fire crab
 10562 | Gauntlet | Found the +2 cloak of the Thief {*Fog Slay-2 SInv Stlth+}
 10566 | Gauntlet | Noticed a fire crab
 10569 | Gauntlet | Found a transporter.
 10575 | Gauntlet | Noticed a sixfirhy
 10576 | Gauntlet | Noticed a sixfirhy
 10579 | Gauntlet | Found a transporter.
 10579 | Gauntlet | Noticed a sixfirhy
 10580 | Gauntlet | Noticed an orange demon
 10582 | Gauntlet | Found a transporter.
 10582 | Gauntlet | Noticed a green death
 10591 | Gauntlet | Noticed an orange demon
 10603 | Gauntlet | Found a transporter.
 10622 | Gauntlet | Found a transporter.
 10637 | Gauntlet | Found a large runed translucent door.
 10638 | Gauntlet | Found a large runed translucent door.
 10640 | Gauntlet | Found a runed translucent gate.
 10640 | Gauntlet | Noticed a wizard
 10641 | Gauntlet | Found a runed translucent gate.
 10642 | Gauntlet | Found a transporter.
 10642 | Gauntlet | Found a runed translucent gate.
 10649 | Gauntlet | Noticed a hell beast
 10660 | Gauntlet | Found a large runed translucent door.
 10661 | Gauntlet | Found a large runed translucent door.
 10688 | Gauntlet | Found a transporter.
 10702 | Gauntlet | Found a transporter.
 10716 | Gauntlet | Found a transporter.
 10792 | Gauntlet | Found a transporter.
 10806 | Gauntlet | Found a transporter.
 10808 | Gauntlet | Noticed a sixfirhy
 10808 | Gauntlet | Noticed a sixfirhy
 10820 | Gauntlet | Noticed a sixfirhy
 10822 | Gauntlet | Found a transporter.
 11137 | Gauntlet | Killed a wizard
 11221 | Gauntlet | Reached skill level 7 in Fighting
 11222 | Gauntlet | HP: 16/177 [fire crab (6)]
 11226 | Gauntlet | Killed a fire crab
 11239 | Gauntlet | Reached XP level 11. HP: 22/84 MP: 14/14
 11276 | Gauntlet | Identified the ring "Judghuwu" {Will+ rCorr MP+9 Slay+4
                  | Stlth+}
 11372 | Gauntlet | Killed a sixfirhy
 11373 | Gauntlet | Reached skill level 9 in Short Blades
 11378 | Gauntlet | Killed a sixfirhy
 11381 | Gauntlet | Killed a sixfirhy
 11382 | Gauntlet | Reached skill level 8 in Fighting
 11392 | Gauntlet | Identified the +1 cloak "Niumnavo" {Harm rN+ Dex+2}
 11462 | Gauntlet | Noticed a minotaur
 11466 | Gauntlet | Killed a minotaur
 11475 | Gauntlet | Identified the +2 helmet "Xok Ridd" {Regen+}
 11475 | Gauntlet | Identified the +1 leather armour of Patterns {Will+}
 11476 | Gauntlet | Got the Lectures on Nightshade
 11555 | D:11     | Noticed a two-headed ogre
 11558 | D:11     | Killed a two-headed ogre
 11559 | D:11     | Reached skill level 10 in Short Blades
 11624 | D:11     | Reached skill level 1 in Invocations
 11638 | D:11     | Reached skill level 9 in Fighting
 11772 | D:11     | Found a staircase to the Orcish Mines.
 11785 | D:11     | Reached skill level 2 in Invocations
 12245 | D:11     | Noticed a wizard
 12266 | D:11     | Killed a wizard
 12267 | D:11     | Reached skill level 3 in Invocations
 12291 | D:11     | Noticed a large abomination
 12310 | D:11     | Reached ***** piety under Dithmenos
 12341 | D:11     | HP: 8/89 [large abomination (19)]
 12379 | D:11     | Killed a large abomination
 12380 | D:11     | Reached skill level 4 in Invocations
 12620 | D:11     | Reached skill level 10 in Fighting
 12820 | D:5      | Bought a twisted ring mail for 270 gold pieces
 12820 | D:5      | Identified the +1 ring mail of the Great Game {rC+} (You
                  | bought it in a shop on level 5 of the Dungeon)
 12897 | D:6      | Bought a +0 hat of stealth for 121 gold pieces
 12998 | Lair:1   | Entered Level 1 of the Lair of Beasts
 13020 | Lair:1   | Reached skill level 5 in Invocations
 13037 | Lair:1   | Reached XP level 12. HP: 97/97 MP: 15/15
 13215 | Lair:1   | Noticed Harold
 13265 | Lair:1   | Killed Harold
 13439 | Lair:1   | Reached skill level 6 in Invocations
 13537 | Lair:1   | Reached skill level 3 in Dodging
 14474 | Lair:1   | Reached skill level 4 in Dodging
 14598 | Lair:2   | Reached skill level 5 in Dodging
 14682 | Lair:1   | Reached skill level 6 in Dodging
 14774 | Lair:2   | Reached skill level 7 in Dodging
 14865 | Lair:2   | Reached skill level 8 in Dodging
 14933 | Lair:2   | Found a staircase to the Snake Pit.
 15192 | Lair:2   | Reached skill level 7 in Invocations
 15579 | D:9      | Killed Joseph
 15580 | D:9      | Reached skill level 18 in Stealth
 15718 | Lair:3   | Noticed a catoblepas
 15851 | Lair:3   | You fall into a shaft and drop 1 floor!
 16033 | Lair:4   | Noticed a boulder beetle
 16115 | Lair:3   | Found a staircase to the Shoals.
 16169 | Lair:3   | Reached XP level 13. HP: 14/103 MP: 18/18
 16254 | Lair:3   | Identified the amulet of the Turtle {rF+ Will+ Regen+
                  | Int-4}
 16387 | Lair:3   | Found a basalt altar of Yredelemnul.
 16746 | Lair:3   | Reached skill level 8 in Invocations
 16784 | Lair:3   | Reached skill level 19 in Stealth
 17509 | Lair:4   | Found a viscous altar of Jiyva.
 17511 | Lair:4   | Found a staircase to the Slime Pits.
 18193 | Lair:5   | Entered Level 5 of the Lair of Beasts
 18414 | Lair:5   | Reached skill level 9 in Invocations
 19196 | Lair:5   | Reached skill level 10 in Invocations
 19332 | Lair:5   | Reached skill level 9 in Hexes
 19432 | Lair:5   | Reached skill level 10 in Hexes
 19639 | Lair:5   | Identified the +4 rapier of Midwinter {distort, rF- rC++
                  | Str+7}
 20374 | Orc:1    | Entered Level 1 of the Orcish Mines
 20498 | D:11     | Reached skill level 11 in Fighting
 20778 | Orc:2    | Entered Level 2 of the Orcish Mines
 20779 | Orc:2    | Found a staircase to the Elven Halls.
 20864 | Orc:2    | Reached ****** piety under Dithmenos
 20865 | Orc:2    | Reached XP level 14. HP: 113/113 MP: 21/21
 21352 | Orc:1    | Reached skill level 3 in Conjurations
 21656 | Orc:1    | Noticed Nergalle
 21659 | Orc:1    | Killed Nergalle
 21934 | Orc:2    | Reached skill level 12 in Fighting
 22231 | Orc:2    | Learned a level 2 spell: Ensorcelled Hibernation
 22765 | Orc:2    | Reached skill level 13 in Fighting
 22815 | Orc:2    | Found Gizukeugh's Magic Scroll Boutique.
 22818 | Orc:2    | Found Rife's Book Boutique.
 22819 | Orc:2    | Found Mihur's Antique Armour Boutique.
 22820 | Orc:2    | Found Gariocen's Assorted Antiques.
 22827 | Orc:2    | Bought a scroll of blinking for 97 gold pieces
 22839 | Orc:2    | Bought a smoky red potion for 27 gold pieces
 22853 | Orc:2    | Bought a shiny orb for 348 gold pieces
 22856 | Orc:2    | Bought a book of Hexes for 612 gold pieces
 22864 | Orc:2    | Learned a level 7 spell: Enfeeble
 23554 | D:13     | Found a corrupted altar of Lugonu.
 23686 | D:13     | Noticed Urug
 23743 | D:13     | Killed Urug
 23923 | D:12     | Reached skill level 11 in Invocations
 24572 | D:3      | Noticed Natasha
 24578 | D:3      | Killed Natasha
 24607 | D:3      | Bought a manual of Invocations for 960 gold pieces
 25465 | D:14     | Found a gate to the Vaults.
 25471 | D:14     | Reached skill level 14 in Fighting
 25512 | D:14     | Reached skill level 12 in Invocations
 25512 | D:14     | Reached XP level 15. HP: 126/126 MP: 24/24
 26031 | D:14     | Identified a potion of resistance
 26174 | D:15     | Entered Level 15 of the Dungeon
 26444 | D:15     | Reached skill level 13 in Invocations
 26941 | D:15     | Found a staircase to the Depths.
 27491 | D:14     | Identified a scroll of acquirement
 27491 | D:14     | Acquired 1233 gold pieces
 27501 | D:15     | Reached skill level 14 in Invocations
 27566 | D:15     | Reached skill level 15 in Fighting
 27932 | Orc:2    | Bought a scroll of brand weapon for 123 gold pieces
 28451 | Snake:1  | Entered Level 1 of the Snake Pit
 28471 | Snake:1  | Noticed Azrael
 28510 | Snake:1  | Killed Azrael
 28975 | Snake:1  | Reached skill level 15 in Invocations
 29942 | Snake:1  | Noticed Aizul
 29945 | Snake:1  | Killed Aizul
 29946 | Snake:1  | Reached skill level 16 in Fighting
 30337 | Snake:2  | Found a transporter.
 30341 | Snake:2  | Noticed sleeves's ghost (adept BaSu)
 30361 | Snake:2  | Reached skill level 1 in Armour
 30374 | Snake:2  | Found Inguafif's Firing Range.
 30375 | Snake:2  | Noticed Vashnia
 30394 | Snake:2  | Identified the +7 morningstar of Mana {speed, +Blink rN+
                  | Will+++ Str-3 Dex-3}
 30412 | Snake:2  | Found a transporter.
 30444 | Snake:2  | Reached skill level 20 in Stealth
 30444 | Snake:2  | Reached XP level 16. HP: 138/138 MP: 27/27
 30775 | Snake:2  | Bought a throwing net for 42 gold pieces
 30799 | Snake:2  | Found Sefel's Book Shoppe.
 30865 | Snake:2  | Noticed Donald
 30869 | Snake:2  | Killed Donald
 30972 | Snake:2  | Reached skill level 2 in Armour
 31028 | Snake:2  | Found Nurpha's Tiny Tomes.
 31943 | Snake:2  | Reached skill level 1 in Shields
 32096 | Snake:3  | Found a shimmering altar of Xom.
 32289 | Snake:2  | Reached skill level 9 in Dodging
 32533 | Snake:3  | Reached skill level 2 in Shields
 32657 | Snake:3  | Reached skill level 3 in Armour
 32688 | Snake:3  | Found Wug Vey's Magic Scroll Shop.
 33059 | Snake:3  | Reached skill level 3 in Shields
 33285 | Snake:3  | Identified the +5 scale mail of Impressiveness {rC+ Slay+2}
 33303 | Snake:3  | Reached skill level 4 in Armour
 33358 | Snake:3  | Reached skill level 21 in Stealth
 33603 | Snake:3  | Reached skill level 4 in Shields
 33908 | Snake:3  | Identified the +3 halberd of Yesterday {heavy, rElec rPois
                  | rC+}
 34140 | Snake:4  | Entered Level 4 of the Snake Pit
 34224 | Snake:4  | Found Ummo's Book Shop.
 34403 | Snake:4  | Reached skill level 5 in Armour
 34519 | Snake:4  | Reached skill level 5 in Shields
 35874 | Snake:4  | Reached skill level 6 in Armour
 35874 | Snake:4  | Reached skill level 6 in Shields
 36195 | Snake:4  | Reached skill level 7 in Shields
 36363 | Snake:4  | Reached XP level 17. HP: 125/144 MP: 28/28
 36375 | Snake:4  | HP: 6/144 [nagaraja/+0 spear (23)]
 36624 | Snake:4  | Reached skill level 8 in Shields
 36808 | Snake:4  | Got a serpentine rune of Zot
 37089 | Shoals:1 | Entered Level 1 of the Shoals
 37272 | Shoals:1 | Noticed Mlioglotl
 37274 | Shoals:1 | Killed Mlioglotl
 37275 | Shoals:1 | Reached skill level 9 in Shields
 38059 | Shoals:2 | Noticed a kraken
 38064 | Shoals:2 | Killed a kraken
 38078 | Shoals:2 | Reached skill level 10 in Shields
 38357 | Shoals:2 | Noticed Ilsuiw
 38382 | Shoals:2 | Reached skill level 11 in Hexes
 38460 | Shoals:2 | Killed Ilsuiw
 38601 | Shoals:2 | Reached skill level 12 in Hexes
 38601 | Shoals:2 | Noticed a kraken
 38938 | Shoals:2 | Reached skill level 13 in Hexes
 39788 | Snake:2  | Killed Vashnia
 40016 | Shoals:3 | Reached skill level 14 in Hexes
 40279 | Shoals:3 | Noticed Kirke
 40486 | Shoals:3 | Noticed Polyphemus
 40543 | Shoals:2 | Reached skill level 15 in Hexes
 40657 | Shoals:3 | Killed Polyphemus
 41047 | Shoals:3 | Killed Kirke
 41312 | Shoals:4 | Entered Level 4 of the Shoals
 41312 | Shoals:4 | Found a blossoming altar of Fedhas.
 41347 | Shoals:4 | Paralysed by an air elemental for 1 turns
 41350 | Shoals:4 | Paralysed by an air elemental for 1 turns
 41354 | Shoals:4 | Paralysed by an air elemental for 1 turns
 41360 | Shoals:3 | Paralysed by an air elemental for 1 turns
 41574 | Shoals:4 | Reached skill level 16 in Hexes
 41630 | Shoals:4 | Paralysed by an air elemental for 1 turns
 41633 | Shoals:4 | Paralysed by an air elemental for 1 turns
 41638 | Shoals:4 | Paralysed by an air elemental for 1 turns
 41642 | Shoals:4 | Paralysed by an air elemental for 1 turns
 41951 | Shoals:4 | Reached XP level 18. HP: 147/147 MP: 29/29
 41973 | Shoals:4 | Paralysed by an air elemental for 1 turns
 42015 | Shoals:4 | Paralysed by an air elemental for 1 turns
 42041 | Shoals:4 | Reached skill level 17 in Hexes
 42403 | Shoals:4 | Paralysed by an air elemental for 1 turns
 42475 | Shoals:4 | Reached skill level 18 in Hexes
 42609 | Shoals:4 | Identified the +5 scale mail of the Pit {+Blink Dex+4
                  | Stlth-}
 42615 | Shoals:4 | Got a barnacled rune of Zot
 42676 | Shoals:4 | Identified the +10 scimitar of the Telling Gods {flame, rF+
                  | Str+4 Int-3 Dex+2}
 42754 | Shoals:4 | Paralysed by an air elemental for 1 turns
 42759 | Shoals:4 | Paralysed by an air elemental for 1 turns
 42764 | Shoals:4 | Paralysed by an air elemental for 1 turns
 42770 | Shoals:4 | Paralysed by an air elemental for 1 turns
 42772 | Shoals:4 | Paralysed by an air elemental for 1 turns
 42774 | Shoals:4 | Paralysed by an air elemental for 1 turns
 42776 | Shoals:4 | Paralysed by an air elemental for 1 turns
 43858 | Orc:2    | Bought a scroll of brand weapon for 123 gold pieces
 44163 | Vaults:1 | Entered Level 1 of the Vaults
 44767 | Vaults:1 | Reached skill level 19 in Hexes
 44796 | Vaults:1 | Reached skill level 22 in Stealth
 44920 | Vaults:1 | You fall into a shaft and drop 1 floor!
 44985 | Vaults:2 | HP: 15/151 [deep troll[an ironbound preserver] (10)]
 45117 | Vaults:1 | Reached skill level 20 in Hexes
 46253 | D:11     | Found the +3 warlock's mirror {omnireflect}
 46258 | D:11     | Got Yxkit's Handbook of Therianthropy
 46265 | D:11     | Identified the +1 trident of the Eternal Warrior {heavy,
                  | rF- Will++ Int+3 Dex+3}
 46638 | Lair:4   | Reached skill level 21 in Hexes
 46933 | Lair:4   | Paralysed by a hornet for 3 turns
 47488 | Vaults:2 | Reached skill level 22 in Hexes
 47511 | Vaults:2 | HP: 10/151 [deep troll[an ironbound preserver] (8)]
 47511 | Vaults:2 | Mangled by an ironbound thunderhulk

Vanquished Creatures
  Vashnia (Snake:2)
  Mlioglotl (Shoals:1)
  A kraken (Shoals:2)
  Polyphemus (Shoals:3)
  Kirke (Shoals:3)
  A storm dragon (Shoals:4)
  Ilsuiw (Shoals:2)
  Donald (Snake:2)
  7 nagarajas
  A vault warden (Vaults:1)
  Aizul (Snake:1)
  2 very ugly things
  5 ironbound preservers
  A stone giant (Vaults:1)
  2 ironbound thunderhulks (Vaults:1)
  4 dire elephants
  A minotaur (Gauntlet)
  Azrael (Snake:1)
  A fire dragon (D:15)
  5 merfolk javelineers
  8 merfolk impalers
  3 yaktaur captains
  A great orb of eyes (Vaults:1)
  Harold (Lair:1)
  8 vault guards (D:14)
  A salamander tyrant (Snake:3)
  4 hydras
  3 ironbound frosthearts
  6 catoblepae
  A death knight (D:15)
  3 merfolk avatars (Shoals:4)
  2 alligator snapping turtles
  6 merfolk aquamancers
  7 centaur warriors
  7 anacondas
  4 two-headed ogres
  4 boulder beetles
  16 naga warriors
  8 death yaks
  An alligator (Lair:4)
  A tengu warrior (D:14)
  Urug (D:13)
  6 orc high priests
  4 shock serpents
  Nergalle (Orc:1)
  11 naga sharpshooters
  3 sixfirhies (Gauntlet)
  A fire crab (Gauntlet)
  3 salamander mystics
  15 deep trolls
  8 skysharks
  12 sea snakes
  4 wizards
  3 naga ritualists
  A deep elf archer (D:15)
  8 ironbound convokers
  17 harpies
  9 mana vipers
  7 deep elf pyromancers
  A wolf spider (D:15)
  11 orc knights
  3 lindwurms (Vaults:1)
  16 manticores
  A necromancer (D:15)
  An oklob plant (Lair:1)
  9 cyclopes
  8 salamanders
  14 ugly things
  A manticore (shapeshifter) (D:14)
  8 fauns (Shoals:2)
  2 orc sorcerers
  A centaur zombie (D:15)
  8 elephants
  21 naga magi
  Joseph (D:9)
  6 merfolk sirens
  32 black mambas
  9 water nymphs
  7 vault sentinels
  10 guardian serpents
  4 unseen horrors (D:12)
  8 cane toads
  A centaur skeleton (D:15)
  7 komodo dragons
  A komodo dragon (shapeshifter) (D:15)
  4 kobold demonologists
  3 rime drakes
  2 tengu conjurers (D:14)
  An efreet (D:15)
  2 yaktaurs
  3 polar bears
  8 trolls
  A wolf spider simulacrum (D:12)
  20 merfolk
  3 hornets (Lair:4)
  7 snapping turtles
  12 dream sheep
  10 wind drakes
  11 blink frogs
  6 slime creatures
  18 water elementals
  9 air elementals
  A shadow (D:10)
  6 hogs
  3 fire bats (Gauntlet)
  A spriggan (shapeshifter) (D:13)
  4 wraiths
  4 wyverns
  5 large abominations (D:11)
  A fire elemental (Snake:1)
  3 basilisks
  38 yaks
  2 steam dragons (Lair:4)
  8 vampire mosquitoes
  7 wargs
  39 nagas
  4 hell hounds
  12 water moccasins
  2 ice beasts
  43 orc warriors
  2 sky beasts
  4 black bears
  A hornet zombie (D:15)
  9 ogres
  8 wolves (Lair:2)
  9 centaurs
  9 bullfrogs
  2 kobold brigands
  2 gnoll sergeants
  3 scorpions
  7 small abominations (D:11)
  3 wights (D:10)
  3 killer bees (D:9)
  7 howler monkeys
  3 electric eels (Snake:3)
  6 hounds
  4 jellies
  36 orc priests
  A gnoll bouda (D:5)
  3 sleepcaps
  2 iguanas
  19 orc wizards
  Natasha (thrice) (D:3)
  5 adders
  16 gnolls
  2 shadow imps
  3 white imps
  3 ufetubi
  3 worms (D:2)
  A dart slug (D:2)
  118 orcs
  11 ball pythons
  4 bats
  8 endoplasms
  3 giant cockroaches
  8 goblins
  12 hobgoblins
  6 jackals
  3 quokkas
  3 training dummies (Snake:2)
  3 frilled lizards
  19 kobolds
  6 rats
  A butterfly (Lair:2)
1126 creatures vanquished.

Vanquished Creatures (others)
  A wizard (Gauntlet)
  A boggart (Vaults:1)
  An orc (Orc:2)
  14 spectral weapons
17 creatures vanquished.

Grand Total: 1143 creatures vanquished

Table legend: (Time is in decaauts)
 A = Elapsed time spent in this place.
 B = Non-inter-level travel time spent in this place.
 C = Inter-level travel time spent in this place.
 D = Time resting spent in this place.
 E = Time spent auto-exploring this place.
 F = Levels seen in this place.
 G = Mean time per level.
                   A        B        C        D        E       F      G
               +--------+--------+--------+--------+--------+-----+--------+
         Total |  46493 |  40215 |   6278 |   4910 |  23372 |  34 | 1367.4 |
       Dungeon |  18085 |  15372 |   2713 |   1646 |   9625 |  15 | 1205.7 |
        Temple |    183 |    182 |      1 |      0 |    174 |   1 |  183.0 |
          Lair |   8468 |   6850 |   1618 |    938 |   4229 |   5 | 1693.6 |
        Shoals |   5874 |   5331 |    543 |    545 |   2660 |   4 | 1468.5 |
     Snake Pit |   8600 |   7860 |    740 |   1099 |   4667 |   4 | 2150.0 |
  Orcish Mines |   2644 |   2059 |    585 |    436 |    727 |   2 | 1322.0 |
        Vaults |   1648 |   1573 |     75 |    104 |   1007 |   2 |  824.0 |
      Gauntlet |    987 |    987 |      0 |    141 |    281 |   1 |  987.0 |
               +--------+--------+--------+--------+--------+-----+--------+

Top non-repeatable levels by time:
 Snake:4: 2648 daAuts
 Snake:3: 2090 daAuts
  Lair:1: 2086 daAuts
 Snake:2: 1999 daAuts
 Snake:1: 1862 daAuts
  Lair:4: 1774 daAuts
Shoals:4: 1736 daAuts
  Lair:5: 1707 daAuts
    D:14: 1686 daAuts
     D:8: 1617 daAuts
    D:11: 1608 daAuts
   Orc:2: 1588 daAuts
  Lair:3: 1498 daAuts
Shoals:2: 1495 daAuts
Vaults:1: 1417 daAuts

Table legend:
 A = Non-vault XP
 B = Vault XP
 C = Vault XP percentage of total XP
 D = Non-vault monster count
 E = Vault monster count
 F = Vault count percentage of total count
                 A         B        C        D         E       F
            +---------+---------+-------+---------+---------+-------
      Total |  196368 |  176675 |  47.4 |     689 |     437 |  38.8
            +---------+---------+-------+---------+---------+-------
        D:1 |      42 |       0 |   0.0 |      25 |       0 |   0.0
        D:2 |      79 |       3 |   3.7 |      25 |       2 |   7.4
        D:3 |     171 |      33 |  16.2 |      20 |       1 |   4.8
        D:4 |     773 |      18 |   2.3 |      20 |       9 |  31.0
        D:5 |     734 |       0 |   0.0 |      22 |       0 |   0.0
        D:6 |    1048 |       0 |   0.0 |      24 |       0 |   0.0
        D:7 |     690 |     165 |  19.3 |      17 |       2 |  10.5
        D:8 |     662 |    1838 |  73.5 |      25 |      29 |  53.7
        D:9 |     788 |     466 |  37.2 |      13 |       1 |   7.1
       D:10 |    2533 |    4171 |  62.2 |      22 |       9 |  29.0
       D:11 |    6450 |    3586 |  35.7 |      23 |      25 |  52.1
       D:12 |    6306 |     922 |  12.8 |      21 |       5 |  19.2
       D:13 |    4928 |    1962 |  28.5 |      15 |       4 |  21.1
       D:14 |   10010 |    7823 |  43.9 |      22 |       9 |  29.0
       D:15 |    5550 |   11009 |  66.5 |      14 |      19 |  57.6
     Lair:1 |    4460 |    1449 |  24.5 |      19 |       2 |   9.5
     Lair:2 |    7951 |     964 |  10.8 |      27 |       7 |  20.6
     Lair:3 |    7829 |    1538 |  16.4 |      21 |       4 |  16.0
     Lair:4 |    2697 |   10346 |  79.3 |       7 |      24 |  77.4
     Lair:5 |    2537 |    8618 |  77.3 |       5 |      21 |  80.8
   Shoals:1 |   10551 |    5030 |  32.3 |      22 |       7 |  24.1
   Shoals:2 |   15954 |    4225 |  20.9 |      31 |       6 |  16.2
   Shoals:3 |    9159 |    8561 |  48.3 |      19 |      18 |  48.6
   Shoals:4 |   10941 |   20791 |  65.5 |      26 |      43 |  62.3
    Snake:1 |   12110 |   10615 |  46.7 |      28 |      26 |  48.1
    Snake:2 |    9167 |    7550 |  45.2 |      19 |       9 |  32.1
    Snake:3 |   22461 |    2146 |   8.7 |      45 |       3 |   6.2
    Snake:4 |   11563 |   22882 |  66.4 |      25 |      30 |  54.5
      Orc:1 |    3630 |    2748 |  43.1 |      34 |      10 |  22.7
      Orc:2 |    1508 |    9802 |  86.7 |      22 |      70 |  76.1
   Vaults:1 |   14033 |   14703 |  51.2 |      18 |      20 |  52.6
   Vaults:2 |    9053 |    7746 |  46.1 |      13 |      11 |  45.8
   Gauntlet |       0 |    4965 | 100.0 |       0 |      11 | 100.0
            +---------+---------+-------+---------+---------+-------
